 Dungeon Crawl Stone Soup version 0.27-a0-1548-gf8a67e7463 (webtiles) character file.

Game seed: 6669873886440319283

191 IndexError the Chiller (level 5, -1/37 HPs)
             Began as a Gnoll Ice Elementalist on July 14, 2021.
             Slain by an ice beast (14 damage)
             ... on level 3 of the Dungeon.
             The game lasted 00:05:40 (3298 turns).

IndexError the Chiller (Gnoll Ice Elementalist)     Turns: 3298, Time: 00:05:41

Health: -1/37      AC:  3    Str:  7    XL:     5   Next: 70%
Magic:  12/12      EV: 13    Int: 15    God:
Gold:   78         SH:  0    Dex: 13    Spells: 7/14 levels left

rFire    . . .     SeeInvis .   h - +3 hand axe (venom)
rCold    . . .     Faith    .   (no shield)
rNeg     + . .     Spirit   .   a - +0 robe
rPois    .         Reflect  .   (no helmet)
rElec    .         Harm     .   n - +0 cloak
rCorr    .         Rampage  .   (no gloves)
Will     .....                  (no boots)
Stlth    +++.......             (no amulet)
HPRegen  0.12/turn              f - ring of positive energy {rN+}
MPRegen  0.13/turn              (no ring)

@: no status effects
A: fangs 1, strong nose, distributed training
a: no special abilities


You were on level 3 of the Dungeon.
You visited 1 branch of the dungeon, and saw 3 of its levels.

You collected 78 gold pieces.

Inventory:

Hand Weapons
 h - a +3 hand axe of venom (weapon)
   (You took it off Terence on level 2 of the Dungeon)
Missiles
 c - 7 javelins
 d - 6 boomerangs
 j - 10 poisoned darts
Armour
 a - a +0 robe (worn)
 n - a +0 cloak (worn)
   (You took it off Crazy Yiuf on level 2 of the Dungeon)
Jewellery
 f - a ring of positive energy (left hand) {rN+}
   (You found it on level 2 of the Dungeon)
Scrolls
 b - 3 scrolls of identify
 i - 2 scrolls of teleportation {unknown}
Potions
 e - 4 potions of magic {unknown}
 g - a potion of attraction {unknown}
 k - a potion of brilliance {unknown}
 l - a potion of curing


   Skills:
 + Level 1.6 Fighting
 + Level 1.6 Short Blades
 + Level 1.6 Long Blades
 + Level 1.6 Axes
 + Level 1.6 Maces & Flails
 + Level 1.6 Polearms
 + Level 1.6 Staves
 + Level 1.6 Slings
 + Level 1.6 Bows
 + Level 1.6 Crossbows
 + Level 1.6 Throwing
 + Level 1.6 Armour
 + Level 4.8 Dodging
 + Level 4.4 Stealth
 + Level 1.6 Shields
 + Level 1.6 Unarmed Combat
 + Level 5.2 Spellcasting
 + Level 1.2 Conjurations
 + Level 1.2 Hexes
 + Level 1.2 Summonings
 + Level 1.2 Necromancy
 + Level 1.2 Translocations
 + Level 1.2 Transmutations
 + Level 1.2 Fire Magic
 + Level 7.2 Ice Magic
 + Level 1.2 Air Magic
 + Level 1.2 Earth Magic
 + Level 1.2 Poison Magic
 + Level 1.8 Invocations
 + Level 1.6 Evocations


You had 7 spell levels left.
You knew the following spells:

 Your Spells              Type           Power      Damage    Failure   Level
a - Freeze                Ice            100%       1d11      1%          1
b - Frozen Ramparts       Ice            50%        1d7       2%          3
A - Ozocubu's Armour      Ice            25%        N/A       2%          3

Your spell library contained the following spells:

 Spells                   Type           Power      Damage    Failure   Level
 Hailstorm                Conj/Ice       16%        3d6       28%         4


Dungeon Overview and Level Annotations

Branches:
Dungeon (3/15)

Altars:

Shops:
D:3 :


Innate Abilities, Weirdness & Mutations

You have very sharp teeth.
Your uncanny sense of smell can sniff out nearby items.
Your experience applies equally to all skills.


Message History

Confirm with . or Enter, or press ? or * to list all spells.
You can't see any susceptible monsters within range! (Use Z to cast anyway.)
Casting: Frozen Ramparts (dangerous; 2% risk of failure)
Confirm with . or Enter, or press ? or * to list all spells.
Casting: Frozen Ramparts (dangerous; 2% risk of failure)
Press: ? - help, Dir - look around, f - activate A rock wall.
The walls around you are covered in ice.
You now have 9/12 mp.
The frozen ramparts melt away.
You climb downwards.
You hear the sound of rushing water.
There is an entrance to a sewer on this level.
Hurry and find it before the portal rusts away!
Found a scroll labelled VOAM OSAED and 10 gold pieces.
Found Huruen's Book Emporium.
Found a stone staircase leading down.
There is a stone staircase leading up here.
Magic restored.
o - a scroll labelled VOAM OSAED MP restored: 12
There is an entrance to Huruen's Book Emporium here.
You now have 78 gold pieces (gained 10).
i - 2 scrolls labelled PALUADDANY (gained 1)
A dart slug comes into view.
The helpless dart slug fails to defend itself.
You hit the dart slug.
The dart slug is poisoned.
The dart slug launches a dart at you. The slug dart misses you.
You hit the dart slug.
You hear the slow rusting of a very distant drain.
No target in view!
There is a stone staircase leading up here.
As you read the scroll labelled AGAQOIFRUNK, it crumbles to dust.
It is a scroll of enchant weapon.
Your +2 hand axe of venom glows red for a moment.
As you read the scroll labelled AHA YBUGRAUHO, it crumbles to dust.
You hear a loud clanging noise!
It was a scroll of noise.
You hear a shout!
As you read the scroll labelled HUMISU VIREAVU, it crumbles to dust.
It is a scroll of identify.
l - a potion of curing
As you read the scroll labelled VOAM OSAED, it crumbles to dust.
You feel aware of your surroundings.
You sensed 4 shops/portals.
It was a scroll of magic mapping.
You climb upwards.
There is a stone staircase leading down here.
There is an escape hatch in the ceiling here.
There is a stone staircase leading down here.
You climb downwards.
You hear the sound of rushing water.
There is an entrance to a sewer on this level.
Hurry and find it before the portal rusts away!
You hear the rusting of a drain very nearby.
There is a stone staircase leading up here.
You open the door.
There is an open door here.
You aren't carrying any items that you can evoke.
You aren't carrying any items that you can evoke.
You open the door.
A rat and an orc come into view.
The orc shouts!
There is an open door here.
You hit the orc. The rat closely misses you.
You hit the rat.
No target in view!
No target in view!
A rat comes into view.
Things that are here:
a +0 dagger; a +0 leather armour; a rat corpse A rat is nearby!
A rat is nearby!
The rat bites you.
You see here a smoky coppery potion.
You take 3 damage, and have 34/37 hp.
You hit the rat.
No target in view!
No target in view!
HP restored.
k - a smoky coppery potion Health restored: 37 You see here a rat corpse.
You open the door.
An adder and an ice beast come into view.
There is an open door here.
The helpless adder fails to defend itself.
You hit the adder.
The adder is poisoned.
The adder bites you. x2
You take 5 damage, and have 32/37 hp.
You barely miss the adder. You bite the adder, but do no damage.
You hear a shout!
The adder bites you.
You take 1 damage, and have 31/37 hp.
You hit the adder.
The adder looks as sick as possible!
You hear the rusting of a drain very nearby.
You hit the ice beast.
The ice beast hits you but does no damage.
You hit the ice beast.
The ice beast is poisoned.
The ice beast barely misses you.
You slash the ice beast!
The ice beast looks as sick as possible!
The ice beast hits you. The ice beast freezes you! The ice beast hits you.
The ice beast freezes you!
You die...

,,,,,*****,,,,*,* *.#*,**,**,*
**,*** *,,,,*,* #.##,**,**,* ,,**
*******####*#####..,,,,,,,,,
******,,,,,,+..###...#..,,,,,**,*
**,*,,,,,,#.†.#'.8.#.#*,*,,**,*
*,**,,,,,,##..)#...#.#*,*,,**,,
*,,,***,,,+##..#...#.#*,,,,****
*,,,*∆*,,,*,###'.8.'.#****,# *
*,,,,**,,,*,,#@#...#.#####.#
*,,,,,,***+*#Y.#...#....<..#
*,,,,,,*∆**..##+.8.#########
*,,,,,,,**##.**#...#** **********
#** #####,** *,,,* *,,,,,** ***,*
*********,,,,,,* *,*
**≈≈≈≈≈,≈**,,,,**** *,*
*≈*******≈*,,,,,,,*


You could see an ice beast (extremely poisoned).

Vanquished Creatures
  Crazy Yiuf (D:2)
  Terence (D:2)
  Natasha (thrice) (D:2)
  2 adders
  An ufetubus (D:2)
  A worm (D:2)
  3 dart slugs
  An orc (D:3)
  4 ball pythons
  3 endoplasms
  3 goblins
  A hobgoblin (D:1)
  4 jackals (D:1)
  A bat (D:1)
  2 frilled lizards
  3 kobolds
  3 rats
37 creatures vanquished.

Notes
Turn   | Place    | Note
-------+----------+-------------------------------------------
     0 | D:1      | IndexError the Gnoll Ice Elementalist began the quest for
                  | the Orb.
     0 | D:1      | Reached XP level 1. HP: 13/13 MP: 6/6
   216 | D:1      | Reached XP level 2. HP: 18/19 MP: 0/7
  1067 | D:2      | Noticed Natasha
  1090 | D:2      | HP: 4/20 [Natasha (8)]
  1331 | D:2      | Killed Natasha
  1332 | D:2      | Reached skill level 5 in Spellcasting
  1332 | D:2      | Reached skill level 1 in Invocations
  1332 | D:2      | Reached XP level 3. HP: 20/25 MP: 5/9
  1336 | D:2      | Learned a level 3 spell: Frozen Ramparts
  1340 | D:2      | Learned a level 3 spell: Ozocubu's Armour
  1573 | D:2      | Noticed Terence
  1579 | D:2      | Killed Terence
  1580 | D:2      | Reached skill level 1 in Fighting
  1580 | D:2      | Reached skill level 1 in Short Blades
  1580 | D:2      | Reached skill level 1 in Long Blades
  1580 | D:2      | Reached skill level 1 in Axes
  1580 | D:2      | Reached skill level 1 in Maces & Flails
  1580 | D:2      | Reached skill level 1 in Polearms
  1580 | D:2      | Reached skill level 1 in Staves
  1580 | D:2      | Reached skill level 1 in Slings
  1580 | D:2      | Reached skill level 1 in Bows
  1580 | D:2      | Reached skill level 1 in Crossbows
  1580 | D:2      | Reached skill level 1 in Throwing
  1580 | D:2      | Reached skill level 1 in Armour
  1580 | D:2      | Reached skill level 1 in Shields
  1580 | D:2      | Reached skill level 1 in Unarmed Combat
  1580 | D:2      | Reached skill level 1 in Evocations
  1580 | D:2      | Reached XP level 4. HP: 21/32 MP: 7/11
  1589 | D:2      | HP: 8/32 [poisoned by Terence]
  1859 | D:2      | Noticed Natasha
  1870 | D:2      | Killed Natasha
  1871 | D:2      | Reached skill level 1 in Conjurations
  1871 | D:2      | Reached skill level 1 in Hexes
  1871 | D:2      | Reached skill level 1 in Summonings
  1871 | D:2      | Reached skill level 1 in Necromancy
  1871 | D:2      | Reached skill level 1 in Translocations
  1871 | D:2      | Reached skill level 1 in Transmutations
  1871 | D:2      | Reached skill level 1 in Fire Magic
  1871 | D:2      | Reached skill level 1 in Air Magic
  1871 | D:2      | Reached skill level 1 in Earth Magic
  1871 | D:2      | Reached skill level 1 in Poison Magic
  2042 | D:2      | Found a runed translucent door.
  2043 | D:2      | Noticed Crazy Yiuf
  2112 | D:2      | HP: 8/32 [poisoned by an adder]
  2117 | D:2      | HP: 4/32 [poisoned by an adder]
  2489 | D:2      | Noticed Natasha
  2497 | D:2      | Killed Natasha
  2498 | D:2      | Reached XP level 5. HP: 33/37 MP: 8/12
  3082 | D:2      | Killed Crazy Yiuf
  3141 | D:3      | Found Huruen's Book Emporium.
  3291 | D:3      | Noticed an ice beast
  3298 | D:3      | Slain by an ice beast

Illustrated notes

Levels and vault maps discovered:
D:1:      erik_arrival_orb_chamber, layout_loops_ring
D:2:      layout_basic, uniq_crazy_yiuf_cottage, uniq_terence, uniq_natasha
D:3:      minmay_chambers_of_threes, layout_loops_cross, serial_shops, shop,
          shop, shop, nicolae_shop_trees, gup_sewer_entry_spiral,
          corexii_corridor_pit, dk_noncrumbling_3

Skill      XL: |  1  2  3  4 |
---------------+-------------+-----
Spellcasting   | 5 |  5.2
Invocations    | 1 |  1.8
Fighting       | 1 |  1.6
Short Blades   | 1 |  1.6
Long Blades    | 1 |  1.6
Axes           | 1 |  1.6
Maces & Flails | 1 |  1.6
Polearms       | 1 |  1.6
Staves         | 1 |  1.6
Slings         | 1 |  1.6
Bows           | 1 |  1.6
Crossbows      | 1 |  1.6
Throwing       | 1 |  1.6
Armour         | 1 |  1.6
Shields        | 1 |  1.6
Unarmed Combat | 1 |  1.6
Evocations     | 1 |  1.6
Conjurations   | 1 |  1.2
Hexes          | 1 |  1.2
Summonings     | 1 |  1.2
Necromancy     | 1 |  1.2
Translocations | 1 |  1.2
Transmutations | 1 |  1.2
Fire Magic     | 1 |  1.2
Air Magic      | 1 |  1.2
Earth Magic    | 1 |  1.2
Poison Magic   | 1 |  1.2
Dodging        | |  4.8
Stealth        | |  4.4
Ice Magic      | |  7.2

Action                   |  1- 3 |  4- 6 || total
-------------------------+-------+-------++-------
Melee: Unarmed           |    18 |       ||    18
       Short sword       |     9 |       ||     9
       Bite              |     2 |     2 ||     4
       Hand axe          |       |    33 ||    33
       Punch             |       |     1 ||     1
 Cast: Freeze            |    24 |     9 ||    33
       Frozen Ramparts   |       |     2 ||     2
       Ozocubu's Armour  |       |     1 ||     1
  Use: Scroll            |       |     4 ||     4
 Stab: Sleeping          |     3 |     3 ||     6
       Distracted        |       |     1 ||     1
Armor: Robe              |     4 |     3 ||     7
Dodge: Dodged            |    33 |    15 ||    48

Table legend: (Time is in decaauts)
 A = Elapsed time spent in this place.
 B = Non-inter-level travel time spent in this place.
 C = Inter-level travel time spent in this place.
 D = Time resting spent in this place.
 E = Time spent auto-exploring this place.
 F = Levels seen in this place.
 G = Mean time per level.
                   A        B        C        D        E       F      G
               +--------+--------+--------+--------+--------+-----+--------+
         Total |   3329 |   3193 |    136 |      0 |   2872 |   3 | 1109.7 |
       Dungeon |   3329 |   3193 |    136 |      0 |   2872 |   3 | 1109.7 |
               +--------+--------+--------+--------+--------+-----+--------+

Top non-repeatable levels by time:
     D:2: 1931 daAuts
     D:1: 1275 daAuts
     D:3: 122 daAuts

Table legend:
 A = Kills in this place as a percentage of kills in entire the game.
 B = Kills by you in this place as a percentage of kills by you in the entire game.
 C = Kills by friends in this place as a percentage of kills by friends in the entire game.
 D = Other kills in this place as a percentage of other kills in the entire game.
 E = Experience gained in this place as a percentage of experience gained in the entire game.
 F = Experience gained in this place divided by the number of levels of this place that you have seen.
                   A       B       C       D       E      F
               +-------+-------+-------+-------+-------+----------------------
         Total | 100.0 | 100.0 |   N/A |   N/A | 100.0 |  91.3
       Dungeon | 100.0 | 100.0 |   N/A |   N/A | 100.0 |  91.3
               +-------+-------+-------+-------+-------+----------------------
